 Dungeon Crawl Stone Soup version 0.28-a0-779-g3d1f99b579 (webtiles) character file.

Game seed: 9397453554607057757

86 meatgazer the Skirmisher (level 4, 0/38 HPs)
             Began as a Demonspawn Abyssal Knight on Nov 2, 2021.
             Was a Follower of Lugonu.
             Slain by Ijyb (5 damage)
             ... on level 3 of the Dungeon.
             The game lasted 00:04:10 (2542 turns).

meatgazer the Skirmisher (DsAK)                     Turns: 2542, Time: 00:04:10

Health: 0/38       AC:  4    Str: 14    XL:     4   Next: 26%
Magic:  6/6        EV: 11    Int: 11    God:    Lugonu [*.....]
Gold:   99         SH:  0    Dex: 12    Spells: 3/3 levels left

rFire   . . .      SeeInvis .   a - +1 falchion
rCold   . . .      Faith    .   (no shield)
rNeg    . . .      Spirit   .   b - +0 leather armour
rPois   .          Reflect  .   (no helmet)
rElec   .          Harm     .   (no cloak)
rCorr   .          Rampage  .   (no gloves)
Will    .....                   (no boots)
Stlth   +.........              (no amulet)
HPRegen 0.12/turn               (no ring)
MPRegen 0.10/turn               (no ring)

@: mighty
A: rugged brown scales 1, powered by pain 1, clumsy 1
a: Renounce Religion, Depart the Abyss


You were on level 3 of the Dungeon.
You worshipped Lugonu.
Lugonu was aware of your devotion.
You visited 1 branch of the dungeon, and saw 3 of its levels.
You visited the Abyss 1 time.

You collected 99 gold pieces.

Inventory:

Hand Weapons
 a - a +1 falchion (weapon)
Armour
 b - a +0 leather armour (worn)
Wands
 f - a wand of mindburst (11)
Scrolls
 d - 2 scrolls of identify
Potions
 c - a potion of might {unknown}
 e - a potion of attraction {unknown}
 g - a potion of lignification {unknown}
 h - a potion of curing {unknown}


   Skills:
 + Level 4.0 Fighting
 + Level 2.5 Long Blades
 - Level 2.0 Armour
 - Level 1.0 Dodging
 + Level 3.4 Invocations


You had 3 spell levels left.
You didn't know any spells.
Your spell library contained the following spells:

 Spells                   Type           Power      Damage    Failure   Level
 Summon Small Mammal      Summ           0%         N/A       41%         1
 Call Canine Familiar     Summ           0%         N/A       78%         3
 Summon Guardian Golem    Hex/Summ       0%         N/A       78%         3


Dungeon Overview and Level Annotations

Branches:
Dungeon (3/15)

Altars:
Uskayaw

Annotations:
D:3 Ijyb


Innate Abilities, Weirdness & Mutations

You are partially covered in rugged brown scales. (AC +1, +3% HP)
You sometimes gain a little power by taking damage.
You are clumsy. (Dex -2)


Message History

The dart slug launches a dart at you. The slug dart hits you.
You slash the dart slug!
You kill the dart slug!
Lugonu accepts your kill.
HP restored.
A rat comes into view.
You see here a dart slug corpse.
A frilled lizard comes into view.
Ijyb the Twisted Goblin comes into view.
She is wielding a +0 dagger and carrying a wand of mindburst (12).
Ijyb shouts!
The frilled lizard hisses angrily.
A frilled lizard comes into view.
The rat barely misses you.
You closely miss the rat.
The frilled lizard hisses angrily.
The frilled lizard bites you but does no damage.
The rat bites you but does no damage.
You slash the rat!
You kill the rat!
Lugonu accepts your kill. The frilled lizard closely misses you.
Ijyb hits you with a +0 dagger. The frilled lizard barely misses you.
You hit Ijyb.
Ijyb is moderately wounded.
The frilled lizard unfolds its giant frill.
The frilled lizard bites you but does no damage.
Ijyb zaps a wand.
Your mind is blasted!
Ouch! That really hurt!
You focus on the pain.
You feel very mighty all of a sudden. The frilled lizard misses you.
You barely miss Ijyb.
Ijyb is moderately wounded.
The frilled lizard barely misses you.
Ijyb zaps a wand.
Your mind is blasted!
* * * LOW HITPOINT WARNING * * *
The frilled lizard barely misses you. x2
You slash Ijyb!
Ijyb is heavily wounded.
Ijyb hits you with a +0 dagger.
You die...

######## ##......
....... #.....
#..... #....# #.
#..gl# ...
#.#####...@###....
#.#.....##.l...#
#....# #.....##
#....####†#...#
###....##...#...#
#.........#####..#
#...........# ..#
#.........#.# #.#
####...####... .#


You could see Ijyb and 2 frilled lizards.

Vanquished Creatures
  A quasit (Abyss:1)
  An adder (D:2)
  2 dart slugs
  7 endoplasms
  A giant cockroach (D:1)
  4 hobgoblins (D:1)
  2 quokkas (D:1)
  6 ball pythons
  4 bats
  3 frilled lizards
  6 goblins (D:1)
  3 rats
40 creatures vanquished.

Vanquished Creatures (others)
  A lurking horror (Abyss:1)
  A plant (D:1)
2 creatures vanquished.

Grand Total: 42 creatures vanquished

Notes
Turn   | Place    | Note
-------+----------+-------------------------------------------
     0 | Abyss:1  | meatgazer the Demonspawn Abyssal Knight began the quest for
                  | the Orb.
     0 | Abyss:1  | Reached XP level 1. HP: 18/18 MP: 2/2
     6 | Abyss:1  | Found a basalt altar of Yredelemnul.
    90 | Abyss:1  | Noticed a smoke demon
    93 | Abyss:1  | Noticed a neqoxec
   131 | Abyss:1  | Gained mutation: You are clumsy. (Dex -2) [a neqoxec]
   134 | Abyss:1  | Noticed a quasit
   158 | Abyss:1  | Noticed a small abomination
   159 | Abyss:1  | Killed a quasit
   160 | Abyss:1  | Reached skill level 1 in Dodging
   160 | Abyss:1  | Gained mutation: You sometimes gain a little power by
                  | taking damage. [demonic ancestry]
   160 | Abyss:1  | Reached XP level 2. HP: 5/25 MP: 4/4
   160 | Abyss:1  | Gained mutation: You are partially covered in rugged brown
                  | scales. (AC +1, +3% HP) [demonic ancestry]
   160 | Abyss:1  | Reached XP level 3. HP: 5/30 MP: 5/5
   160 | D:1      | Escaped the Abyss
   595 | D:1      | Reached * piety under Lugonu
  1169 | D:1      | Found a faded altar of an unknown god.
  1448 | D:2      | Found a hide-covered altar of Uskayaw.
  1582 | D:2      | Reached skill level 4 in Fighting
  1597 | D:2      | Reached XP level 4. HP: 38/38 MP: 6/6
  2536 | D:3      | Noticed Ijyb
  2542 | D:3      | Slain by Ijyb

Illustrated notes

Levels and vault maps discovered:
D:1:      dpeg_arrival_orchard, layout_rooms,
          shapermc_ecumenical_altar_acropolis
D:2:      layout_loops_corners, basic_altar
D:3:      layout_loops_ring, uniq_ijyb

Skill      XL: |  1  2  3 |
---------------+----------+-----
Long Blades    | 2 |  2.5
Armour         | 2 |  2.0
Dodging        | 1 |  1.0
Invocations    | 3 |  3.4
Fighting       | 4 |  4.0

Action                   |  1- 3 |  4- 6 || total
-------------------------+-------+-------++-------
Melee: Falchion          |    80 |    32 ||   112
Invok: Depart the Abyss  |     1 |       ||     1
  Use: Potion            |     1 |       ||     1
       Scroll            |     2 |       ||     2
Armor: Leather armour    |    33 |    10 ||    43
Dodge: Dodged            |    73 |    21 ||    94

Table legend: (Time is in decaauts)
 A = Elapsed time spent in this place.
 B = Non-inter-level travel time spent in this place.
 C = Inter-level travel time spent in this place.
 D = Time resting spent in this place.
 E = Time spent auto-exploring this place.
 F = Levels seen in this place.
 G = Mean time per level.
                   A        B        C        D        E       F      G
               +--------+--------+--------+--------+--------+-----+--------+
         Total |   2562 |   2531 |     31 |    789 |   1419 |   4 |  640.5 |
       Dungeon |   2402 |   2371 |     31 |    789 |   1330 |   3 |  800.7 |
         Abyss |    160 |    160 |      0 |      0 |     89 |   1 |  160.0 |
               +--------+--------+--------+--------+--------+-----+--------+

Top non-repeatable levels by time:
     D:2: 1145 daAuts
     D:1: 1125 daAuts
 Abyss:1: 160 daAuts
     D:3: 131 daAuts
